 Dungeon Crawl Stone Soup version 0.31-a0-152-g6aa68a64a1 (webtiles) character file.

Game seed: 14562905638069645269

63 qw the Shooter (level 4, -3/39 HPs)
             Began as a Naga Hunter on June 9, 2023.
             Slain by Terence
             ... wielding a +0 flail
              (6 damage)
             ... on level 2 of the Dungeon.
             The game lasted 00:00:23 (1536 turns).

qw the Shooter (Naga Hunter)                        Turns: 1536, Time: 00:00:23

Health: -3/39      AC:  2    Str: 13    XL:     4   Next: 10%
Magic:  4/4        EV:  9    Int: 10    God:
Gold:   37         SH:  0    Dex: 16    Spells: 3/3 levels left

rFire   . . .        Y - +0 shortbow
rCold   . . .        (shield currently unavailable)
rNeg    . . .        c - +0 leather armour
rPois   +            (no helmet)
rElec   .            (no cloak)
rCorr   .            (no gloves)
SInv    +            (no barding)
Will    .....        (no amulet)
Stlth   ++           (no ring)
HPRegen 0.26/turn    (no ring)
MPRegen 0.09/turn

%: no passive effects
@: about to teleport, very slow
A: AC +1, large, see invisible, deformed body, poison resistance, slowness 2,
spit poison 1, naga tail 1
a: Spit Poison


You were on level 2 of the Dungeon.
You visited 1 branch of the dungeon, and saw 2 of its levels.

You collected 37 gold pieces.


Innate Abilities, Weirdness & Mutations

Your serpentine skin is tough. (AC +1)
You have supernaturally acute eyesight. (SInv)
Armour fits poorly on your strangely shaped body.
Your system is resistant to poisons. (rPois)
You cover ground very slowly.
You can spit poison.
You have a snake-like lower body.


   Skills:
 + Level 2.0 Fighting
 - Level 5.0 Ranged Weapons
 - Level 1.5 Dodging
 - Level 1.5 Stealth


You had 3 spell levels left.
You didn't know any spells.
Your spell library was empty.

Inventory:

Hand Weapons
 Y - a +0 shortbow (weapon)
Armour
 c - a +0 leather armour (worn)
Scrolls
 b - a scroll of identify
Potions
 d - 2 potions of resistance {unknown}
 e - a potion of curing {unknown}
 f - 2 potions of degeneration {unknown}
 g - a potion of heal wounds {unknown}
 h - a potion of lignification {unknown}
 i - a potion of invisibility {unknown}

Dungeon Overview and Level Annotations

Branches:
Dungeon (2/15)

Altars:

Annotations:
D:1 1 transporter
D:2 Terence


Message History

An endoplasm comes into view.
Enter note:
Enter note:
Enter note:
Enter note: You shoot an arrow.
The arrow hits the endoplasm!
You kill the endoplasm!
As you open the door, it creaks loudly!
There is an open door here.
Terence the Incautious comes into view.
He is wielding a +0 flail.
Enter note:
Enter note:
Enter note:
Enter note:
1531 ||| INVOKING Spit Poison.
Aiming: Spit Poison (1% risk of failure)
Press: ? - help, Shift-Dir - straight line, f - Terence The splash of poison hits Terence.
Terence is poisoned.
Terence is lightly wounded.
Terence shouts!
You hear a shout!
A kobold comes into view. It is wielding a +0 short sword.
You shoot an arrow. The arrow barely misses Terence.
Terence barely misses you.
You shoot an arrow.
The arrow hits Terence but does no damage.
Terence is lightly wounded.
Terence hits you with a +0 flail!
You shoot an arrow. The arrow hits Terence.
Terence is moderately wounded.
Terence hits you with a +0 flail!
You shoot an arrow. The arrow hits Terence.
Terence is heavily wounded.
Terence hits you with a +0 flail! x2
1536 ||| READING scroll of teleportation.
As you read the scroll of teleportation, it crumbles to dust.
You feel strangely unstable.
You have got your breath back.
Terence looks more healthy.
Terence hits you with a +0 flail.
You die...

####### #.@@K.#
###'###.# #.....#
#.....# #.....#
#.....#
######.....######
#...............#
#......8.8......#


You could see Terence and a kobold.

Vanquished Creatures
  Jessica (D:2)
  An adder (D:2)
  2 dart slugs
  5 bats
  3 endoplasms
  3 giant cockroaches
  2 goblins (D:2)
  3 hobgoblins (D:1)
  3 kobolds
23 creatures vanquished.

Notes
Turn   | Place    | Note
-------+----------+-------------------------------------------
     0 | D:1      | qw the Naga Hunter began the quest for the Orb.
     0 | D:1      | Reached XP level 1. HP: 19/19 MP: 1/1
     0 | D:1      | 0 ||| qw: Version: 0.2-a-122-gbc61b45
     0 | D:1      | 0 ||| qw: Game counter: 3398
     0 | D:1      | 0 ||| qw: Always use a shield: true
     0 | D:1      | 0 ||| qw: God list: Okawaru
     0 | D:1      | 0 ||| qw: Allow faded altars: false
     0 | D:1      | 0 ||| qw: Do Orc after D:15 true
     0 | D:1      | 0 ||| qw: Do second Lair branch before Depths: true
     0 | D:1      | 0 ||| qw: Lair rune preference: random
     0 | D:1      | 0 ||| qw: Plans: Normal
     0 | D:1      | 0 ||| PLANNING D:1-11
   115 | D:1      | 115 ||| INVOKING Spit Poison.
   121 | D:1      | 121 ||| INVOKING Spit Poison.
   169 | D:1      | 169 ||| INVOKING Spit Poison.
   216 | D:1      | Reached skill level 4 in Ranged Weapons
   216 | D:1      | Reached XP level 2. HP: 26/26 MP: 2/2
   482 | D:1      | 482 ||| INVOKING Spit Poison.
   490 | D:1      | 490 ||| INVOKING Spit Poison.
   494 | D:1      | 494 ||| INVOKING Spit Poison.
   511 | D:1      | 511 ||| INVOKING Spit Poison.
   565 | D:1      | 565 ||| INVOKING Spit Poison.
   570 | D:1      | 570 ||| INVOKING Spit Poison.
   779 | D:1      | 779 ||| DROPPING scarf of invisibility.
   780 | D:1      | 780 ||| READING 2 scrolls labelled APTUKKUTHRY.
   783 | D:1      | 783 ||| READING 2 scrolls labelled CISEOSCH HUOLAT.
   784 | D:1      | 784 ||| READING scroll labelled NIOPUOTODU.
   785 | D:1      | 785 ||| DROPPING scroll of butterflies.
   786 | D:1      | 786 ||| DROPPING scroll of poison.
   872 | D:2      | 872 ||| INVOKING Spit Poison.
   876 | D:2      | 876 ||| INVOKING Spit Poison.
   933 | D:2      | 933 ||| INVOKING Spit Poison.
   950 | D:2      | 950 ||| INVOKING Spit Poison.
  1052 | D:2      | 1052 ||| INVOKING Spit Poison.
  1122 | D:2      | 1122 ||| INVOKING Spit Poison.
  1124 | D:2      | Reached XP level 3. HP: 32/32 MP: 3/3
  1144 | D:2      | 1144 ||| INVOKING Spit Poison.
  1145 | D:2      | 1145 ||| INVOKING Spit Poison.
  1202 | D:2      | 1202 ||| INVOKING Spit Poison.
  1249 | D:2      | 1249 ||| INVOKING Spit Poison.
  1259 | D:2      | 1259 ||| INVOKING Spit Poison.
  1267 | D:2      | Noticed Jessica
  1268 | D:2      | 1268 ||| INVOKING Spit Poison.
  1269 | D:2      | Killed Jessica
  1270 | D:2      | Reached skill level 5 in Ranged Weapons
  1270 | D:2      | Reached XP level 4. HP: 25/39 MP: 4/4
  1530 | D:2      | Noticed Terence
  1531 | D:2      | 1531 ||| INVOKING Spit Poison.
  1535 | D:2      | HP: 2/39 [Terence/+0 flail (11)]
  1536 | D:2      | 1536 ||| READING scroll of teleportation.
  1536 | D:2      | Slain by Terence

Levels and vault maps discovered:
D:1:      spicycebolla_arrival_risky_transporter, layout_basic
D:2:      layout_basic, kennysheep_minor_cross, grunt_decor_junction,
          uniq_crazy_yiuf_cottage, uniq_jessica, uniq_terence

Skill      XL: |  1  2  3 |
---------------+----------+-----
Ranged Weapons | 4 5 |  5.0
Fighting       | |  2.0
Dodging        | |  1.5
Stealth        | |  1.5

Action                     |  1- 3 |  4- 6 || total
---------------------------+-------+-------++-------
   Fire: Shortbow          |    45 |     5 ||    50
Ability: Spit Poison       |    20 |     1 ||    21
    Use: Scroll            |     3 |     1 ||     4
 Armour: Leather armour    |     6 |       ||     6
  Dodge: Dodged            |     9 |     1 ||    10

Table legend:
 A = Non-vault XP
 B = Vault XP
 C = Vault XP percentage of total XP
 D = Non-vault monster count
 E = Vault monster count
 F = Vault count percentage of total count
                 A         B        C        D         E       F
            +---------+---------+-------+---------+---------+-------
      Total |      54 |      37 |  40.7 |      22 |       1 |   4.3
            +---------+---------+-------+---------+---------+-------
        D:1 |      19 |       0 |   0.0 |      10 |       0 |   0.0
        D:2 |      35 |      37 |  51.4 |      12 |       1 |   7.7
            +---------+---------+-------+---------+---------+-------
